 Dungeon Crawl Stone Soup version 0.31.0-2-g5a2aebc5c2 (webtiles) character file.

Game seed: 3278894340154870695

55 Aviak the Gusty (level 3, -1/26 HPs)
             Began as a Gnoll Air Elementalist on Jan 20, 2024.
             Slain by Robin
             ... wielding a +0 mace
              (5 damage)
             ... on level 2 of the Dungeon.
             The game lasted 00:01:51 (895 turns).

Aviak the Gusty (Gnoll Air Elementalist)             Turns: 895, Time: 00:01:52

Health: -1/26      AC:  3    Str:  7    XL:     3   Next: 93%
Magic:  0/9        EV: 13    Int: 16    God:
Gold:   28         SH:  0    Dex: 12    Spells: 11/12 levels left

rFire   . . .        f - +0 short sword
rCold   . . .        (no shield)
rNeg    . . .        a - +0 robe
rPois   .            (no helmet)
rElec   .            e - +0 cloak
rCorr   .            (no gloves)
SInv    .            (no boots)
Will    .....        (no amulet)
Stlth   ++           (no ring)
HPRegen 0.24/turn    (no ring)
MPRegen 0.11/turn

%: no passive effects
@: no status effects
A: fangs 1, strong nose, distributed training
a: no special abilities


You were on level 2 of the Dungeon.
You visited 1 branch of the dungeon, and saw 2 of its levels.

You collected 28 gold pieces.

Inventory:

Hand Weapons
 f - a +0 short sword (weapon)
Armour
 a - a +0 robe (worn)
 e - a +0 cloak (worn)
Scrolls
 d - a scroll of vulnerability {unknown}
 g - a scroll of teleportation {unknown}
Potions
 b - a potion of magic


   Skills:
 + Level 1.0 Fighting
 + Level 1.0 Short Blades
 + Level 1.0 Long Blades
 + Level 1.0 Axes
 + Level 1.0 Maces & Flails
 + Level 1.0 Polearms
 + Level 1.0 Staves
 + Level 1.0 Ranged Weapons
 + Level 1.0 Throwing
 + Level 1.0 Armour
 + Level 4.6 Dodging
 + Level 4.2 Stealth
 + Level 1.0 Shields
 + Level 1.0 Unarmed Combat
 + Level 5.0 Spellcasting
 + Level 2.2 Conjurations
 + Level 0.7 Hexes
 + Level 0.7 Summonings
 + Level 0.7 Necromancy
 + Level 0.7 Translocations
 + Level 0.7 Fire Magic
 + Level 0.7 Ice Magic
 + Level 5.4 Air Magic
 + Level 0.7 Earth Magic
 + Level 0.7 Alchemy
 + Level 1.1 Invocations
 + Level 1.0 Evocations
 + Level 0.9 Shapeshifting


You had 11 spell levels left.
You knew the following spells:

 Your Spells              Type           Power      Damage    Failure   Level
a - Shock                 Conj/Air       64%        1d7       3%          1

Your spell library contained the following spells:

 Spells                   Type           Power      Damage    Failure   Level
 Static Discharge         Conj/Air       32%        3-5/arc   4%          2
 Swiftness                Air            21%        N/A       4%          3
 Airstrike                Air            10%        2d(2-18)  16%         4


Dungeon Overview and Level Annotations

Branches:
Dungeon (2/15)

Altars:

Annotations:
D:2 Robin


Innate Abilities, Weirdness & Mutations

You have very sharp teeth.
Your uncanny sense of smell can sniff out nearby items.
Your experience applies equally to all skills.


Message History

The zap misses Robin.
Robin misses you.
You barely miss Robin. Your bite misses Robin.
Robin is lightly wounded.
Robin closely misses you.
You feel better. Robin misses you.
You closely miss Robin.
Robin is lightly wounded.
Robin hits you with a +0 mace.
You hit Robin but do no damage. Your bite misses Robin.
Robin is lightly wounded.
You closely miss Robin.
Robin is lightly wounded.
Robin closely misses you.
You hit Robin. You bite Robin, but do no damage.
Robin is lightly wounded.
Robin misses you.
You hit Robin but do no damage. You bite Robin, but do no damage.
Robin is lightly wounded.
Robin hits you with a +0 mace.
You hit Robin. You punch Robin, but do no damage.
Robin is moderately wounded.
Robin closely misses you.
You hit Robin. You bite Robin, but do no damage.
Robin is moderately wounded.
Robin barely misses you.
You closely miss Robin.
Robin is moderately wounded.
Robin hits you with a +0 mace.
* * * LOW HITPOINT WARNING * * *
Okay, then.
Casting: Shock (safe; 3% risk of failure)
Confirm with . or Enter, or press ? or * to list all spells.
Aiming: Shock (safe; 3% risk of failure)
Press: ? - help, Shift-Dir - straight line, f/p - Robin
Aim: Robin, wielding a +0 mace, wearing a +0 animal skin and wearing a +0 helmet (moderately wounded, 79% to hit)
The zap hits Robin.
Robin is severely wounded.
Robin hits you with a +0 mace.
You die...
Robin says, "And that's why I'm the boss."

#........#
#.<......#
#........#
#........#
#........#
#.####........#
#.............#
#######.###.###
#......)g@#.#
#......)### .
#.......#####.#
##......g.....#
#.....g#######
∆ #...†...
.....†....
##....g#...
....).. ....


You could see Robin.

Vanquished Creatures
  2 dart slugs (D:1)
  5 bats (D:1)
  4 endoplasms (D:1)
  3 giant cockroaches (D:1)
  12 goblins
  7 hobgoblins
  3 kobolds (D:1)
  4 ball pythons (D:1)
  A frilled lizard (D:1)
  2 rats (D:1)
43 creatures vanquished.

Notes
Turn   | Place    | Note
-------+----------+-------------------------------------------
     0 | D:1      | Aviak the Gnoll Air Elementalist began the quest for the
                  | Orb.
     0 | D:1      | Reached XP level 1. HP: 13/13 MP: 6/6
   185 | D:1      | Reached XP level 2. HP: 19/19 MP: 5/7
   407 | D:1      | Reached skill level 5 in Spellcasting
   407 | D:1      | Reached XP level 3. HP: 25/25 MP: 5/9
   628 | D:1      | Reached skill level 1 in Invocations
   850 | D:2      | Noticed Robin
   864 | D:2      | Reached skill level 1 in Fighting
   864 | D:2      | Reached skill level 1 in Short Blades
   864 | D:2      | Reached skill level 1 in Long Blades
   864 | D:2      | Reached skill level 1 in Axes
   864 | D:2      | Reached skill level 1 in Maces & Flails
   864 | D:2      | Reached skill level 1 in Polearms
   864 | D:2      | Reached skill level 1 in Staves
   864 | D:2      | Reached skill level 1 in Ranged Weapons
   864 | D:2      | Reached skill level 1 in Throwing
   864 | D:2      | Reached skill level 1 in Armour
   864 | D:2      | Reached skill level 1 in Shields
   864 | D:2      | Reached skill level 1 in Unarmed Combat
   864 | D:2      | Reached skill level 1 in Evocations
   895 | D:2      | Slain by Robin

Illustrated notes

Levels and vault maps discovered:
D:1:      co_arrival_square_in_a_square_in_a_square, layout_loops_ring,
          hangedman_decor_growths
D:2:      minmay_general_purpose_star, layout_basic,
          shapermc_ecumenical_altar_totnotflames, uniq_robin

Skill      XL: |  1  2  3 |
---------------+----------+-----
Conjurations   | 2 |  2.2
Spellcasting   | 5 |  5.0
Invocations    | 1 |  1.1
Fighting       | 1 |  1.0
Short Blades   | 1 |  1.0
Long Blades    | 1 |  1.0
Axes           | 1 |  1.0
Maces & Flails | 1 |  1.0
Polearms       | 1 |  1.0
Staves         | 1 |  1.0
Ranged Weapons | 1 |  1.0
Throwing       | 1 |  1.0
Armour         | 1 |  1.0
Shields        | 1 |  1.0
Unarmed Combat | 1 |  1.0
Evocations     | 1 |  1.0
Dodging        | |  4.6
Stealth        | |  4.2
Hexes          | |  0.7
Summonings     | |  0.7
Necromancy     | |  0.7
Translocations | |  0.7
Fire Magic     | |  0.7
Ice Magic      | |  0.7
Air Magic      | |  5.4
Earth Magic    | |  0.7
Alchemy        | |  0.7
Shapeshifting  | |  0.9

Action                     || total
---------------------------++-------
  Melee: Short sword       ||    45
         Punch             ||     3
         Bite              ||     4
   Cast: Shock             ||    62
    Use: Potion            ||     2
 Armour: Robe              ||    29
  Dodge: Dodged            ||    42
